 Dungeon Crawl Stone Soup version 0.27.1-4-g1640c2035a (webtiles) character file.

Game seed: 11646849672608613477

14 zeram the Grave Robber (level 2, -2/24 HPs)
             Began as a Troll Necromancer on Nov 10, 2021.
             Slain by Jessica (4 damage)
             ... on level 2 of the Dungeon.
             The game lasted 00:01:29 (681 turns).

zeram the Grave Robber (Troll Necromancer)           Turns: 681, Time: 00:01:30

Health: -2/24      AC:  4    Str: 15    XL:     2   Next: 27%
Magic:  2/2        EV:  9    Int: 11    God:
Gold:   60         SH:  0    Dex: 10    Spells: 2/3 levels left

rFire    . . .     SeeInvis .   b - +0 whip
rCold    . . .     Faith    .   (no shield)
rNeg     . . .     Spirit   .   a - +0 robe
rPois    .         Reflect  .   (helmet restricted)
rElec    .         Harm     .   (no cloak)
rCorr    .         Rampage  .   (gloves unavailable)
Will     .....                  (boots unavailable)
Stlth    +.........             (no amulet)
HPRegen  1.08/turn              (no ring)
MPRegen  0.08/turn              (no ring)

@: slowed, very slow
A: large, unfitting armour, claws 3, regeneration 1, shaggy fur 1, tough skin 1
a: no special abilities


You were on level 2 of the Dungeon.
You visited 1 branch of the dungeon, and saw 2 of its levels.

You collected 60 gold pieces.

Inventory:

Hand Weapons
 b - a +0 whip (weapon)
Armour
 a - a +0 robe (worn)
Scrolls
 d - a scroll of teleportation {unknown}
Potions
 c - a potion of might {unknown}


   Skills:
 * Level 0.6 Maces & Flails
 + Level 1.7 Dodging
 - Level 1.0 Stealth
 - Level 1.2 Spellcasting
 + Level 3.5 Necromancy


You had 2 spell levels left.
You knew the following spells:

 Your Spells              Type           Power      Damage    Failure   Level
a - Pain                  Necr           32%        1d5       8%          1

Your spell library contained the following spells:

 Spells                   Type           Power      Damage    Failure   Level
 Animate Skeleton         Necr           16%        N/A       8%          1
 Sting                    Tmut/Pois      0%         1d3       32%         1
 Poisonous Vapours        Pois/Air       0%         N/A       43%         2
 Vampiric Draining        Necr           4%         2d6       22%         3
 Animate Dead             Necr           4%         N/A       58%         4
 Gell's Gravitas          Tloc           0%         N/A       67%         3
 Teleport Other           Tloc           0%         N/A       67%         3
 Agony                    Necr           8%         N/A       90%         5
 Olgreb's Toxic Radiance  Pois           0%         N/A       97%         4
 Dispersal                Tloc           0%         N/A       100%        6


Dungeon Overview and Level Annotations

Branches:
Dungeon (2/15)

Altars:

Annotations:
D:2 Jessica


Innate Abilities, Weirdness & Mutations

You are too large for most types of armour.
You have claws for hands.
Your natural rate of healing is unusually fast.
You are covered in fur. (AC +1)
You have tough skin. (AC +1)


Message History

Jessica barely misses you. x2
You hit Jessica but do no damage.
Jessica is lightly wounded.
Jessica hits you with a +0 club. Jessica says, "Why did you come here?"
Jessica gestures at you while chanting.
You feel as though you will be slow longer.
You barely miss Jessica.
Jessica is lightly wounded.
Jessica hits you but does no damage. Jessica hits you with a +0 club. x2
You hit Jessica.
Jessica is heavily wounded.
Jessica hits you with a +0 club. Jessica barely misses you.
You barely miss Jessica.
Jessica is heavily wounded.
Jessica gestures wildly while chanting.
Jessica blinks!
The ball python bites you but does no damage.
You closely miss the ball python.
Jessica points at you and mumbles some strange words.
Pain shoots through your body!
The ball python bites you but does no damage.
The ball python bites you.
Jessica gestures wildly while chanting.
Jessica blinks!
You hit the ball python.
You kill the ball python!
You hit Jessica.
Jessica is heavily wounded.
Jessica hits you with a +0 club. x2
You hit Jessica but do no damage.
Jessica is heavily wounded.
Jessica hits you but does no damage. Jessica hits you with a +0 club. x2
* * * LOW HITPOINT WARNING * * *
You hit Jessica.
Jessica is severely wounded.
Jessica hits you with a +0 club.
* * * LOW HITPOINT WARNING * * *
Jessica hits you with a +0 club.
You die...

#..... #.#
##..... #.#
...... #.#
#.#####
######.....#
#.......##.#
#.#####.# #
####@##.#
#....@..#
#.##.#### ..
#.# #.. ..#
## ####


You could see Jessica (fast).

Vanquished Creatures
  A ball python (D:2)
  A bat (D:1)
  An endoplasm (D:1)
  A giant cockroach (D:1)
  2 jackals (D:1)
  2 quokkas
  2 goblins (D:1)
  A rat (D:2)
11 creatures vanquished.

Notes
Turn   | Place    | Note
-------+----------+-------------------------------------------
     0 | D:1      | zeram the Troll Necromancer began the quest for the Orb.
     0 | D:1      | Reached XP level 1. HP: 16/16 MP: 1/1
   396 | D:1      | Reached XP level 2. HP: 24/24 MP: 2/2
   658 | D:2      | Noticed Jessica
   681 | D:2      | Slain by Jessica

Illustrated notes

Levels and vault maps discovered:
D:1:      lightli_iron_boxes, layout_basic, hex_medium,
          corexii_leaking_fountain, minmay_ruptured
D:2:      layout_loops_cross, basic_altar, uniq_jessica, uniq_crazy_yiuf_cottage

Action                   || total
-------------------------++-------
Melee: Whip              ||    81
 Cast: Pain              ||     2
 Stab: Sleeping          ||     1
Armor: Robe              ||    45
Dodge: Dodged            ||    51
